 Seeded DCSS version 0.29-a0-100-g60f898f (webtiles) character file.

Game seed: 1584609970685914667 (custom seed)

9211 skewfiend the Slicer (level 11, 0/58 HPs)
             Began as a Spriggan Fighter on Feb 13, 2022.
             Was a High Priest of Makhleb.
             Killed from afar by a rakshasa (illusionary) (16 damage)
             ... with a lance of force
             ... on level 9 of the Dungeon on Feb 14, 2022.
             The game lasted 00:56:11 (16776 turns).

skewfiend the Slicer (Spriggan Fighter)            Turns: 16776, Time: 00:56:12

Health: 0/58       AC:  5    Str: 14    XL:     11   Next: 20%
Magic:  17/17      EV: 23    Int:  9    God:    Makhleb [*****.]
Gold:   846        SH:  6    Dex: 18    Spells: 10/10 levels left

rFire   . . .      SeeInvis +   a - +1 short sword (venom)
rCold   . . .      Faith    .   c - +0 buckler
rNeg    . . .      Spirit   .   F - +0 troll leather armour
rPois   .          Reflect  .   (helmet restricted)
rElec   .          Harm     .   l - +0 cloak
rCorr   +          Rampage  .   (gloves unavailable)
Will    +....                   (boots unavailable)
Stlth   ++++......              (no amulet)
HPRegen 0.99/turn               H - ring of resist corrosion
MPRegen 0.15/turn               (no ring)

@: very quick
A: very small, no large weapons, unfitting armour, see invisible, speed 3
a: Renounce Religion, Minor Destruction, Lesser Servant of Makhleb, Major
Destruction, Greater Servant of Makhleb


You were on level 9 of the Dungeon.
You worshipped Makhleb.
Makhleb was extremely pleased with you.
You visited 2 branches of the dungeon, and saw 10 of its levels.
You also visited: Ossuary.

You collected 846 gold pieces.

Inventory:

Hand Weapons
 a - a +1 short sword of venom (weapon)
 b - the +7 war axe "Kiso" {flame, rElec Dex+4}
   (You found it on level 8 of the Dungeon)

   It burns those it strikes, dealing additional fire damage.
   Big, fiery blades are also staple armaments of hydra-hunters.
   Dex:       It affects your dexterity (+4).
   rElec:     It insulates you from electricity.
 d - a +2 spear of venom
 f - a +0 rapier
 o - a +6 trident of flaming
 B - a +0 long sword of flaming
 K - a +2 short sword of holy wrath
Missiles
 e - 4 boomerangs
 h - 238 stones (quivered)
 k - 21 sling bullets
 w - 29 poisoned darts
 x - a throwing net
 y - 54 arrows
Armour
 c - a +0 buckler (worn)
 l - a +0 cloak (worn)
 p - an orb of guile
 F - a +0 troll leather armour (worn)
Jewellery
 H - a ring of resist corrosion (left hand)
Wands
 s - a wand of digging (2)
Scrolls
 g - 5 scrolls of teleportation
 i - 2 scrolls of identify
 n - 2 scrolls of torment
 q - a scroll of amnesia
 r - 2 scrolls of immolation
 u - 2 scrolls of fog
 E - 2 scrolls of magic mapping
 G - a scroll of fear
Potions
 j - 2 potions of heal wounds
 m - a potion of attraction
 t - 2 potions of flight
 v - a potion of magic
 z - 4 potions of curing
 C - a potion of invisibility
 D - a potion of berserk rage
 I - 2 potions of might


   Skills:
 * Level 7.2 Fighting
 * Level 11.7 Short Blades
 + Level 10.5 Dodging
 - Level 8.5 Stealth
 - Level 2.1 Shields
 + Level 6.9 Invocations


You had 10 spell levels left.
You didn't know any spells.
Your spell library contained the following spells:

 Spells                   Type           Power      Damage    Failure   Level
 Foxfire                  Conj/Fire      0%         2x1d4     71%         1
 Scorch                   Fire           0%         2d5       85%         2
 Conjure Flame            Conj/Fire      0%         6-21      97%         3
 Inner Flame              Hex/Fire       0%         N/A       97%         3
 Tukima's Dance           Hex            0%         N/A       97%         3
 Anguish                  Hex/Necr       0%         N/A       100%        4
 Cause Fear               Hex            0%         N/A       100%        4
 Flame Wave               Conj/Fire      0%         2d4       100%        4
 Summon Lightning Spire   Summ/Air       0%         N/A       100%        4
 Enfeeble                 Hex            0%         N/A       100%        7
 Storm Form               Tmut/Air       0%         N/A       100%        7
 Discord                  Hex            0%         N/A       100%        8
 Maxwell's Capacitive Co  Air            0%         ∞         100%        8


Dungeon Overview and Level Annotations

Branches:
Dungeon (9/15)             Temple (1/1) D:5            Lair (0/6) D:9
Ossuary (visited)
    Orc: D:9-12

Altars:
Cheibriados
Fedhas
Hepliaklqana
Kikubaaqudgha
Makhleb
Okawaru
Qazlal
Ru
Sif Muna
Trog
Uskayaw
Vehumet
Wu Jian
Xom
Yredelemnul
Zin
The Shining One

Shops:
D:2 [((


Innate Abilities, Weirdness & Mutations

You are very small and have problems with some larger weapons.
You are too small for most types of armour.
You have supernaturally acute eyesight. (SInv)
You cover ground extremely quickly. (Speed+++)


Message History

Your smoke demon gestures at the rakshasa.
The ball of steam hits the rakshasa!
The rakshasa is engulfed in a cloud of scalding steam.
The rakshasa hits your smoke demon with a +1 trident of protection!
Your smoke demon dies!
Your smoke demon disappears in a puff of smoke!
Aiming: Major Destruction (11% risk of failure)
Press: ? - help, Shift-Dir - straight line, f/p - rakshasa
Aim: a rakshasa, wielding a +1 trident of protection and wearing a +0 robe (steam, heavily wounded, covered in liquid flames)
You hear a mighty clap of thunder!
The bolt of lightning misses the rakshasa.
The rakshasa burns!
Aiming: Major Destruction (11% risk of failure)
Press: ? - help, Shift-Dir - straight line, f - rakshasa
Aim: a rakshasa, wielding a +1 trident of protection and wearing a +0 robe (steam, heavily wounded, covered in liquid flames)
The bolt of acid hits the rakshasa!
The acid corrodes the rakshasa!
The rakshasa is almost dead.
The rakshasa burns!
The rakshasa is engulfed in a cloud of scalding steam.
The rakshasa dies!
The rakshasa shimmers and vanishes!
Aiming: Minor Destruction (0% risk of failure)
Press: ? - help, Shift-Dir - straight line, f - rakshasa
Aim: a rakshasa, wielding a +1 trident of protection and wearing a +0 robe (almost dead, covered in liquid flames)
The puff of flame misses the rakshasa.
The puff of flame hits the rakshasa.
The rakshasa is severely wounded.
The rakshasa burns!
The rakshasa stops burning.
The rakshasa burns!
The rakshasa stops burning.
Aiming: Minor Destruction (0% risk of failure)
Press: ? - help, Shift-Dir - straight line, f/p - rakshasa
Aim: a rakshasa, wielding a +1 trident of protection and wearing a +0 robe (almost dead)
The zap hits the rakshasa.
The rakshasa is almost dead.
The zap hits the rakshasa but does no damage.
The rakshasa is severely wounded.
The rakshasa weaves an illusion.
The wraith shimmers and seems to become two!
The rakshasa gestures at you. The lance of force hits you!
You die...

...........#
#.#
#.#........#
#.#
#...########
#.# ###.#
#.# ###.#
#.#
#.W.########
#.#
#.####...R.#
###.# #.#
#W###.#
#...# #.#
#.#
#W#####@#
#.####.#
#WR.R...#
#.R....#
#########
########


You could see 2 rakshasas and a wraith.

Vanquished Creatures
  2 two-headed ogres (D:6)
  3 death yaks
  An ugly thing (D:7)
  A gargoyle (D:6)
  An unseen horror (D:6)
  A troll (D:7)
  Grinder (D:4)
  Sigmund (D:3)
  A shadow (D:6)
  Menkaure (D:4)
  3 ice beasts
  A black bear (D:7)
  2 sky beasts (D:6)
  An orc warrior (D:6)
  An ogre (D:7)
  A necrophage (D:6)
  2 centaurs
  4 kobold brigands
  2 wyvern zombies
  4 bullfrogs
  5 gnoll sergeants (D:5)
  8 scorpions
  A water moccasin skeleton (D:6)
  A wyvern skeleton (D:5)
  A wight (D:6)
  4 howler monkeys
  A jelly (D:4)
  A bullfrog zombie (D:5)
  5 centaur zombies
  10 hounds
  2 human zombies (Ossuary)
  Crazy Yiuf (D:2)
  3 orc priests
  2 centaur skeletons
  2 bullfrog skeletons (D:5)
  2 gnoll shamans (D:5)
  3 iguanas
  Natasha (thrice) (D:2)
  6 orc wizards
  2 hell rats (D:9)
  2 hound skeletons (D:4)
  2 mummies (Ossuary)
  18 gnolls
  2 howler monkey skeletons (D:6)
  8 adders
  2 river rats (D:9)
  A white imp (D:6)
  2 adder zombies (Ossuary)
  An adder skeleton (D:4)
  2 worms (D:2)
  4 dart slugs
  16 orcs
  An endoplasm (D:1)
  6 giant cockroaches
  3 hobgoblins
  7 jackals
  7 quokkas
  7 ball pythons
  3 frilled lizards
  4 goblins (D:1)
  2 goblin zombies (Ossuary)
  12 hobgoblin zombies (Ossuary)
  2 jackal zombies (Ossuary)
  24 kobolds
  4 kobold zombies (Ossuary)
  9 orc zombies (Ossuary)
  8 rats
  2 rat zombies (Ossuary)
258 creatures vanquished.

Vanquished Creatures (collateral kills)
  A water moccasin (D:6)
  A howler monkey (D:6)
  A centaur skeleton (D:6)
  An adder (D:3)
4 creatures vanquished.

Vanquished Creatures (others)
  13 plants
13 creatures vanquished.

Grand Total: 275 creatures vanquished

Notes
Turn   | Place    | Note
-------+----------+-------------------------------------------
     0 | D:1      | skewfiend the Spriggan Fighter began the quest for the Orb.
     0 | D:1      | Reached XP level 1. HP: 11/11 MP: 2/2
   382 | D:1      | Reached skill level 1 in Stealth
   570 | D:1      | You fall into a shaft and drop 1 floor!
   624 | D:2      | Found Xyinupni's Weapon Shoppe.
   627 | D:2      | Found a faded altar of an unknown god.
   650 | D:2      | Prayed at the altar of an unknown god.
   650 | D:2      | Became a worshipper of Makhleb the Destroyer
   650 | D:2      | Reached * piety under Makhleb
   714 | D:2      | Found Foggabed's Weapon Boutique.
   761 | D:2      | Reached XP level 2. HP: 12/16 MP: 3/3
  1344 | D:1      | Reached XP level 3. HP: 19/19 MP: 4/4
  1503 | D:2      | Reached skill level 3 in Short Blades
  1808 | D:2      | Found Neconk's Antique Armour Boutique.
  2154 | D:2      | Found a runed translucent door.
  2155 | D:2      | Noticed Crazy Yiuf
  2435 | D:2      | Noticed Natasha
  2441 | D:2      | Identified the +1 spear "Raisin" {freeze, rCorr}
  2591 | D:2      | Killed Natasha
  2592 | D:2      | Reached XP level 4. HP: 21/23 MP: 5/5
  2904 | D:2      | Noticed Natasha
  2911 | D:2      | Killed Natasha
  3361 | D:2      | Noticed Natasha
  3369 | D:2      | Killed Natasha
  3370 | D:2      | Reached XP level 5. HP: 23/28 MP: 6/6
  3492 | D:2      | Found Xyinupni's Weapon Shoppe.
  3506 | D:2      | Found a burning altar of Makhleb.
  3572 | D:2      | Found Foggabed's Weapon Boutique.
  3750 | D:2      | Killed Crazy Yiuf
  4033 | D:3      | Reached skill level 4 in Short Blades
  4125 | D:3      | Noticed Sigmund
  4189 | D:4      | Reached skill level 5 in Dodging
  4233 | D:4      | Noticed Menkaure
  4475 | D:4      | Reached ** piety under Makhleb
  4930 | D:4      | Reached XP level 6. HP: 28/32 MP: 7/7
  5483 | D:4      | Found a radiant altar of Vehumet.
  5497 | D:4      | Noticed Grinder
  5507 | D:4      | Paralysed by Grinder for 5 turns
  5516 | D:4      | Killed Grinder
  5517 | D:4      | Reached skill level 5 in Short Blades
  5517 | D:4      | Reached skill level 1 in Invocations
  5517 | D:4      | Reached XP level 7. HP: 18/36 MP: 7/9
  5981 | D:4      | Killed Menkaure
  6206 | D:4      | Reached skill level 6 in Short Blades
  7021 | D:5      | Entered Level 5 of the Dungeon
  7392 | D:5      | Reached XP level 8. HP: 33/42 MP: 11/11
  7785 | D:5      | Reached skill level 7 in Short Blades
  8891 | D:5      | Reached skill level 5 in Stealth
  8891 | D:5      | Reached *** piety under Makhleb
  9480 | D:5      | Reached skill level 8 in Short Blades
  9647 | D:5      | Found a blossoming altar of Fedhas.
  9653 | D:5      | Reached XP level 9. HP: 45/46 MP: 13/13
  9737 | D:5      | Found a staircase to the Ecumenical Temple.
  9743 | Temple   | Entered the Ecumenical Temple
 11153 | D:3      | Killed Sigmund
 11451 | D:6      | Reached skill level 5 in Fighting
 11520 | D:6      | Found an ancient bone altar of Kikubaaqudgha.
 11627 | D:6      | Found a bloodstained altar of Trog.
 11666 | D:6      | Found a shimmering blue altar of Sif Muna.
 11695 | D:6      | Got Sif Muna's Papyrus of the Volcanoes
 12189 | D:7      | Found a sand-covered staircase.
 12199 | Ossuary  | Entered an ossuary
 12214 | Ossuary  | Reached **** piety under Makhleb
 12484 | Ossuary  | Reached skill level 9 in Short Blades
 12800 | D:6      | Reached skill level 5 in Invocations
 12848 | D:6      | Noticed a two-headed ogre
 13036 | D:6      | Killed a two-headed ogre
 13233 | D:6      | Reached XP level 10. HP: 48/51 MP: 15/15
 13239 | D:6      | Noticed a purple ugly thing
 13241 | D:6      | Noticed a gargoyle
 13307 | D:7      | Killed a purple ugly thing
 13308 | D:7      | Reached skill level 10 in Short Blades
 14716 | D:8      | Found a glowing golden altar of the Shining One.
 14865 | D:8      | Identified the +7 war axe "Kiso" {flame, rElec Dex+4}
 14871 | D:8      | Found a burning altar of Makhleb.
 15005 | D:8      | Found a hazy altar of Hepliaklqana.
 15396 | D:9      | Noticed a death yak
 15514 | D:9      | Noticed a death yak
 15516 | D:9      | Noticed a death yak
 15673 | D:8      | Killed a death yak
 15790 | D:6      | Reached skill level 11 in Short Blades
 15940 | D:6      | Reached skill level 10 in Dodging
 15942 | D:6      | Killed a gargoyle
 15979 | D:6      | Noticed a two-headed ogre
 16005 | D:6      | Killed a two-headed ogre
 16006 | D:6      | Reached XP level 11. HP: 45/58 MP: 16/16
 16317 | D:9      | Reached ***** piety under Makhleb
 16420 | D:9      | Killed a death yak
 16439 | D:9      | Killed a death yak
 16486 | D:9      | Noticed a rakshasa
 16640 | D:9      | Found a staircase to the Lair.
 16776 | D:9      | Killed from afar by a rakshasa (illusionary)

Illustrated notes

Levels and vault maps discovered:
D:1:      dpeg_arrival_shelter, layout_loops_ring, chequers_jeans
D:2:      layout_basic, basic_ecumenical_altar, serial_shops,
          nicolae_shop_window_shopping, shop, nicolae_shop_behind_doors,
          serial_bayou_lagoon_b, uniq_crazy_yiuf_cottage, uniq_natasha
D:3:      layout_basic, minmay_misc_feat_ornament, st_stairs_8,
          minmay_misc_feat_doors, uniq_sigmund
D:4:      layout_basic, lemuel_coloured_pillars_altar, uniq_grinder,
          uniq_menkaure
D:5:      layout_cave_pools, fedhas_altar_fruit_tree,
          minmay_temple_entry_enclosed_plants, serial_gnoll_camp,
          gnoll_camp_mini_sergeant, gnoll_camp_mini_basic,
          gnoll_camp_huts_basic, gnoll_camp_mini_hut, gnoll_camp_mini_basic,
          minmay_misc_feat_alley, lexackson_kobold_supper
D:6:      minmay_klotski, layout_loops_ring,
          nzn_overflow_gifts_of_might_and_magic,
          mainiacjoe_overflow_small_starburst
D:7:      layout_loops_cross, nicolae_ossuary_entry_monument, chequers_garden
D:8:      layout_gridville, old_standard_altar, lemuel_doored_altar,
          worldfamousw_hep_ancestral_shrine
D:9:      layout_basic, dpeg_lair_monsters, kennysheep_nondescript,
          serial_bayou_crossing
Temple:   jpeg_temple_island

Skill      XL: |  1  2  3  4  5  6  7  8  9 10 11 |
---------------+----------------------------------+-----
Stealth        | 1 2 3 4 5 8 |  8.5
Short Blades   | 3 4 5 6 8 9 11 | 11.7
Fighting       | 3 4 5 6 7 |  7.2
Dodging        | 5 6 7 9 10 | 10.5
Invocations    | 1 2 4 5 6 |  6.9
Shields        | |  2.1

Action                   |  1- 3 |  4- 6 |  7- 9 | 10-12 || total
-------------------------+-------+-------+-------+-------++-------
Melee: Rapier            |    71 |   120 |   259 |       ||   450
       Spear             |       |    25 |       |     3 ||    28
       Long sword        |       |       |   122 |   126 ||   248
       Short sword       |       |       |       |    17 ||    17
       War axe           |       |       |       |    28 ||    28
Throw: Stone             |    79 |    56 |    73 |     4 ||   212
       Dart              |     6 |    11 |     8 |    10 ||    35
       Boomerang         |     2 |     3 |       |       ||     5
       Throwing net      |       |       |       |     1 ||     1
Invok: Minor Destruction |       |       |   189 |   151 ||   340
       Major Destruction |       |       |     2 |    17 ||    19
       Lesser Servant of |       |       |     2 |     2 ||     4
  Use: Scroll            |     4 |     1 |     4 |     4 ||    13
       Potion            |     3 |     1 |     2 |     2 ||     8
 Stab: Sleeping          |     3 |     4 |    13 |       ||    20
       Distracted        |       |       |       |     1 ||     1
Armor: Robe              |     2 |    13 |    21 |     5 ||    41
       Skin              |       |       |     1 |       ||     1
       Troll leather arm |       |       |       |    19 ||    19
Dodge: Dodged            |    31 |    90 |   238 |   201 ||   560
Block: Buckler           |    17 |    51 |   109 |    86 ||   263

Table legend: (Time is in decaauts)
 A = Elapsed time spent in this place.
 B = Non-inter-level travel time spent in this place.
 C = Inter-level travel time spent in this place.
 D = Time resting spent in this place.
 E = Time spent auto-exploring this place.
 F = Levels seen in this place.
 G = Mean time per level.
                   A        B        C        D        E       F      G
               +--------+--------+--------+--------+--------+-----+--------+
         Total |  13182 |  12543 |    639 |   1630 |   7641 |  11 | 1198.4 |
       Dungeon |  12550 |  11930 |    620 |   1622 |   7240 |   9 | 1394.4 |
        Temple |    182 |    164 |     18 |      0 |    161 |   1 |  182.0 |
       Ossuary |    449 |    449 |      0 |      8 |    240 |   1 |  449.0 |
               +--------+--------+--------+--------+--------+-----+--------+

Top non-repeatable levels by time:
     D:4: 2541 daAuts
     D:2: 2422 daAuts
     D:5: 2385 daAuts
     D:6: 1567 daAuts
     D:3: 820 daAuts
     D:7: 769 daAuts
     D:8: 722 daAuts
     D:1: 689 daAuts
     D:9: 631 daAuts
 Ossuary: 449 daAuts
  Temple: 182 daAuts
